 Seeded DCSS version 0.25-a0-730-g633e9c3 (webtiles) character file.

Game seed: 1210568510626304625, levelgen mode: deterministic

11571 Faels the Grappler (level 11, -4/157 HPs)
             Began as a Troll Wizard on Apr 7, 2020.
             Was an Elder of Trog.
             Slain by a nine-headed hydra (7 damage)
             ... on level 1 of the Lair of Beasts.
             The game lasted 00:39:08 (11721 turns).

Faels the Grappler (Troll Wizard)                  Turns: 11721, Time: 00:39:08

Health: -4/157     AC:  9    Str: 21    XL:     11   Next: 51%
Magic:  13/13      EV: 14    Int: 13    God:    Trog [****..]
Gold:   138        SH:  0    Dex: 11    Spells: 13/14 levels left

rFire    . . .     SeeInvis .   c - +8 giant club (vorpal)
rCold    . . .     Gourm    +   (shield currently unavailable)
rNeg     + . .     Faith    .   a - +0 robe
rPois    +         Spirit   .   b - +0 hat
rElec    .         Reflect  .   w - +2 ratskin cloak {+Rats rPois rN+ Str-1 Int-1 Dex+1}
rCorr    .         Harm     .   (gloves unavailable)
MR       .....                  (boots unavailable)
Stlth    ..........             G - amulet of the acrobat
HPRegen  0.76/turn              h - +4 ring of strength
MPRegen  0.13/turn              i - ring of stealth

@: berserking (expiring), very quick
A: large, unfitting armour, claws 3, fast metabolism 3, gourmand, regeneration
1, shaggy fur 1, tough skin 3
a: Berserk, Trog's Hand, Brothers in Arms, Renounce Religion, Evoke Ratskin


You were on level 1 of the Lair of Beasts.
You worshipped Trog.
Trog was greatly pleased with you.
You were full.

You visited 2 branches of the dungeon, and saw 11 of its levels.
You also visited: Sewer.

You collected 632 gold pieces.
You spent 494 gold pieces at shops.

Inventory:

Hand Weapons
 c - a +8 vorpal giant club (weapon)
 e - a +1 trident of venom
 j - a +0 falchion
 v - the cursed +2 war axe "Ari Sof" {elec, +Rage rC+++ Str-2 Dex+2}
   (You found it on level 8 of the Dungeon)

   Occasionally, upon striking a foe, it will discharge some electrical energy
   and cause terrible harm.
   It affects your strength (-2).
   It affects your dexterity (+2).
   It renders you almost immune to cold.
   It lets you go berserk.
   It has a curse placed upon it.
 I - a +3 glaive of protection
Missiles
 y - 42 poisoned darts (quivered)
 z - 3 curare-tipped darts
 C - 14 boomerangs
Armour
 a - a +0 robe (worn)
 b - a +0 hat (worn)
 w - the +2 ratskin cloak (worn) {+Rats rPois rN+ Str-1 Int-1 Dex+1}
   (You found it on level 7 of the Dungeon)

   It affects your strength (-1).
   It affects your intelligence (-1).
   It affects your dexterity (+1).
   It protects you from poison.
   It protects you from negative energy.
Jewellery
 h - a +4 ring of strength (left claw)
 i - a ring of stealth (right claw)
 G - an amulet of the acrobat (around neck)
 O - a +3 ring of evasion {unknown}
 S - the ring "Deneng" {rC+ Stlth+}
   (You found it on level 1 of the Lair of Beasts)

   [ring of stealth]

   It protects you from cold.
   It makes you more stealthy.
Wands
 t - a wand of flame (38)
 B - a wand of disintegration (19)
 P - a wand of digging (3)
 Q - a wand of random effects (19)
 R - a wand of scattershot (3)
Scrolls
 f - 3 scrolls of immolation
 g - 15 scrolls of remove curse
 l - 6 scrolls of enchant weapon
 p - 6 scrolls of teleportation
 s - 4 scrolls of enchant armour
 u - 2 scrolls of fog
 D - a scroll of fear
 E - 4 scrolls of magic mapping
 H - 2 scrolls of vulnerability
 J - a scroll of amnesia {unknown}
 N - a scroll of identify
Potions
 k - 3 potions of lignification
 m - 3 potions of magic
 n - a potion of might {unknown}
 o - 2 potions of heal wounds
 q - 3 potions of resistance
 r - 3 potions of stabbing
 x - 2 potions of flight
 A - 4 potions of curing
 F - a potion of mutation {unknown}
 K - a potion of brilliance {unknown}
 L - a potion of invisibility
 M - a potion of haste
Comestibles
 d - 17 rations


   Skills:
 + Level 6.1 Fighting
 + Level 5.2 Throwing
 + Level 8.7 Dodging
 - Level 1.0 Stealth
 + Level 10.1 Unarmed Combat
 - Level 2.0 Spellcasting
 - Level 0.6 Conjurations
   Level 0.6 Summonings
   Level 0.6 Translocations
 + Level 5.0 Evocations


You had 13 spell levels left.
You knew the following spells:

 Your Spells              Type           Power        Failure   Level  Hunger
a - Magic Dart            Conj           #...         21%         1    ##.....

Your spell library contained the following spells:

 Spells                   Type           Power        Failure   Level  Hunger
 Blink                    Tloc           N/A          30%         2    ###....
 Call Imp                 Summ           #.......     30%         2    ###....
 Slow                     Hex            #.......     36%         2    ###....
 Conjure Flame            Conj/Fire      #.......     56%         3    ####...
 Mephitic Cloud           Conj/Pois/Air  #.......     56%         3    ####...


Dungeon Overview and Level Annotations

Branches:
Dungeon (10/15)            Temple (0/1) D:6            Lair (1/6) D:10
    Orc (0/2) D:9           Sewer (visited)

Altars:
Hepliaklqana
Qazlal
Trog
Beogh

Shops:
D:7 (   D:8 *   D:9 !

Annotations:
D:4 2 transporters
D:5 2 transporters


Innate Abilities, Weirdness & Mutations

You are too large for most types of armour.
You have claws for hands.
Your metabolism is lightning-fast.
You like to eat raw meat.
Your natural rate of healing is unusually fast.
You are covered in fur. (AC +1)
You have extremely tough skin. (AC +3)


Message History

* * * LOW HITPOINT WARNING * * *
The nine-headed hydra bites you.
* * * LOW HITPOINT WARNING * * *
The nine-headed hydra bites you.
* * * LOW HITPOINT WARNING * * *
You barely miss the nine-headed hydra.
The nine-headed hydra is almost dead.
The porcupine misses you. The nine-headed hydra bites you!
* * * LOW HITPOINT WARNING * * *
The nine-headed hydra bites you!
* * * LOW HITPOINT WARNING * * *
The nine-headed hydra bites you.
* * * LOW HITPOINT WARNING * * *
The nine-headed hydra bites you.
* * * LOW HITPOINT WARNING * * *
The nine-headed hydra bites you but does no damage.
The nine-headed hydra bites you.
* * * LOW HITPOINT WARNING * * *
The nine-headed hydra misses you. The nine-headed hydra bites you!
You die...

.## ...##
....# #.....
#......
#####....#
##..#...#
#....@.#
##.#Dr###
#.....# ....##
#P...##
.....## ##...#
.....### #...#
#..... #...#
#...#
#...######
#...#
##...##...####


You could see a nine-headed hydra and a porcupine.

Vanquished Creatures
  A two-headed ogre (D:10)
  An elephant (D:10)
  A centaur skeleton (D:10)
  Joseph (D:7)
  A troll (D:10)
  Prince Ribbit (D:8)
  2 slime creatures
  3 hippogriffs
  A vampire (D:10)
  2 wyverns
  A basilisk (D:10)
  15 yaks (D:10)
  A water moccasin (Lair:1)
  5 orc warriors
  2 black bears
  A sky beast (D:5)
  5 ice beasts
  A phantom (D:9)
  An eye of draining (D:9)
  7 centaurs
  4 ogres
  A crocodile (D:10)
  3 big kobolds
  9 bullfrogs
  A gnoll sergeant (D:6)
  2 scorpions
  4 killer bees (D:8)
  5 howler monkeys
  2 crimson imps
  A bullfrog zombie (D:6)
  A centaur zombie (D:8)
  5 hounds
  2 bullfrog skeletons
  A gnoll shaman (D:10)
  5 orc priests
  9 jellies
  12 orc wizards
  A hell rat (D:7)
  5 iguanas
  Ijyb (D:5)
  16 worker ants
  2 killer bee zombies
  2 hound skeletons
  2 hound zombies
  A worker ant zombie (D:9)
  10 gnolls
  12 adders
  9 river rats
  3 oozes (D:6)
  An adder skeleton (D:6)
  A worm (D:5)
  2 dart slugs (D:1)
  3 leopard geckos
  44 orcs
  3 giant cockroaches (D:4)
  6 goblins
  5 hobgoblins
  11 jackals
  11 kobolds
  5 quokkas
  3 ball pythons
  6 bats
  A frilled lizard (D:1)
  A leopard gecko zombie (D:6)
  A quokka skeleton (D:7)
  25 rats
313 creatures vanquished.

Vanquished Creatures (others)
  6 fungi (D:6)
  8 toadstools (D:6)
14 creatures vanquished.

Grand Total: 327 creatures vanquished

Notes
Turn   | Place    | Note
-------+----------+-------------------------------------------
     0 | D:1      | Faels the Troll Wizard began the quest for the Orb.
     0 | D:1      | Reached XP level 1. HP: 16/16 MP: 2/2
    49 | D:1      | Reached XP level 2. HP: 21/26 MP: 4/4
    93 | D:1      | Reached skill level 1 in Unarmed Combat
   493 | D:1      | Reached skill level 1 in Fighting
   849 | D:1      | Reached XP level 3. HP: 29/33 MP: 5/5
  2283 | D:3      | Reached skill level 2 in Unarmed Combat
  2283 | D:3      | Reached XP level 4. HP: 41/41 MP: 6/6
  2288 | D:3      | Found a bloodstained altar of Trog.
  2298 | D:3      | Became a worshipper of Trog the Wrathful
  2512 | D:3      | Found a faded altar of an unknown god.
  2748 | D:4      | Reached XP level 5. HP: 26/49 MP: 7/7
  2828 | D:4      | Reached skill level 3 in Unarmed Combat
  2948 | D:4      | Reached XP level 6. HP: 58/59 MP: 8/8
  3036 | D:4      | Found a glowing drain.
  3040 | Sewer    | Entered a sewer
  3169 | Sewer    | Found a white marble altar of Elyvilon.
  3432 | D:4      | Reached * piety under Trog
  3579 | D:4      | Reached skill level 4 in Unarmed Combat
  3587 | D:4      | Reached XP level 7. HP: 67/67 MP: 9/9
  3725 | D:4      | Noticed a kobold demonologist
  3728 | D:4      | Found a transporter.
  3752 | D:4      | Found a transporter.
  4486 | D:5      | Entered Level 5 of the Dungeon
  4486 | D:5      | Found a transporter.
  4656 | D:5      | Reached skill level 1 in Throwing
  4906 | D:5      | Noticed Ijyb
  4919 | D:5      | Killed Ijyb
  4951 | D:5      | Reached ** piety under Trog
  5227 | D:5      | Reached skill level 5 in Unarmed Combat
  5227 | D:5      | Reached XP level 8. HP: 44/78 MP: 10/10
  5560 | D:5      | Found a transporter.
  6026 | D:6      | Found a stormy altar of Qazlal.
  6045 | D:6      | Reached skill level 5 in Dodging
  6204 | D:6      | Noticed a slime creature
  6205 | D:6      | Noticed a slime creature
  6248 | D:5      | Killed a slime creature
  6248 | D:5      | Reached skill level 5 in Fighting
  6248 | D:5      | Reached skill level 6 in Unarmed Combat
  6442 | D:6      | Reached XP level 9. HP: 88/88 MP: 11/11
  6589 | D:6      | Found a staircase to the Ecumenical Temple.
  6646 | D:6      | Reached skill level 7 in Unarmed Combat
  7279 | D:7      | Reached *** piety under Trog
  7324 | D:7      | Found the +2 ratskin cloak {+Rats rPois rN+ Str-1 Int-1
                  | Dex+1}
  7536 | D:7      | Found Wabberist's Antique Weapon Shop.
  7564 | D:7      | Reached skill level 1 in Evocations
  7576 | D:7      | Noticed Joseph
  7607 | D:7      | Killed Joseph
  7607 | D:7      | Reached skill level 8 in Unarmed Combat
  7744 | D:7      | Found a hazy altar of Hepliaklqana.
  8065 | D:8      | Reached XP level 10. HP: 68/96 MP: 12/12
  8128 | D:8      | Noticed Prince Ribbit
  8224 | D:8      | Killed Prince Ribbit
  8360 | D:8      | Got a translucent war axe
  8453 | D:8      | Reached **** piety under Trog
  8539 | D:8      | Found a roughly hewn altar of Beogh.
  9011 | D:8      | Found Liamow's General Store.
  9014 | D:8      | Bought a scroll of identify for 28 gold pieces
  9014 | D:8      | Bought a potion of invisibility for 112 gold pieces
  9014 | D:8      | Bought a potion of haste for 140 gold pieces
  9014 | D:8      | Bought a scroll of magic mapping for 49 gold pieces
  9064 | D:8      | Reached skill level 9 in Unarmed Combat
  9351 | D:9      | Found a staircase to the Orcish Mines.
  9684 | D:9      | Found Pinud's Distillery.
  9689 | D:9      | Bought a potion of heal wounds for 75 gold pieces
  9689 | D:9      | Bought a potion of curing for 45 gold pieces
  9689 | D:9      | Bought a potion of curing for 45 gold pieces
  9753 | D:10     | Entered Level 10 of the Dungeon
  9800 | D:10     | Identified the cursed +2 war axe "Ari Sof" {elec, +Rage
                  | rC+++ Str-2 Dex+2} (You found it on level 8 of the Dungeon)
 10200 | D:10     | Reached ***** piety under Trog
 10200 | D:10     | Received a gift from Trog
 10365 | D:10     | Noticed a two-headed ogre
 10379 | D:10     | Killed a two-headed ogre
 10379 | D:10     | Reached XP level 11. HP: 29/104 MP: 13/13
 11149 | D:10     | Reached skill level 5 in Throwing
 11205 | D:10     | Found a staircase to the Lair.
 11230 | D:10     | Reached skill level 10 in Unarmed Combat
 11416 | Lair:1   | Entered Level 1 of the Lair of Beasts
 11472 | Lair:1   | Reached skill level 5 in Evocations
 11622 | Lair:1   | Noticed a five-headed hydra
 11649 | Lair:1   | Got a fine pewter ring
 11650 | Lair:1   | Identified the ring "Deneng" {rC+ Stlth+} (You found it on
                  | level 1 of the Lair of Beasts)
 11721 | Lair:1   | HP: 3/157 [nine-headed hydra (6)]
 11721 | Lair:1   | Slain by a nine-headed hydra

Levels and vault maps discovered:
D:1:      tarquinn_simple_flora_water_a, layout_loops_corners
D:2:      layout_basic
D:3:      layout_loops_cross, chequers_ecumenical_altar_twisty, trog_book
D:4:      gammafunk_wand_slinger, layout_basic, gup_sewer_entry_spiral
D:5:      gammafunk_cloud_chamber, layout_loops_ring, first_ration,
          corexii_shack, uniq_ijyb
D:6:      cheibrodos_fertilizer, layout_basic, minmay_temple_entry_from_below_b,
          nicolae_qazlal_general_emergency
D:7:      wander_guarded_unrand_ratskin, layout_loops_ring,
          kennysheep_little_box, serial_shops, nicolae_shop_stone, uniq_joseph
D:8:      layout_rooms, serial_shops, nicolae_shop_window_shopping, special_room
          [special_room_orc], uniq_prince_ribbit1
D:9:      layout_basic, orc_0_dummy, serial_shops, shop
D:10:     layout_loops_corners, david_lair_generic
Lair:1:   layout_concentric_octagons, minivault_23, infiniplex_staircase_pool,
          lemuel_fruit_fields, grunt_megastairs_4

Skill      XL: |  1  2  3  4  5  6  7  8  9 10 11 |
---------------+----------------------------------+-----
Unarmed Combat | 1 2 3 4 5 6 8 9 10 | 10.1
Dodging        | 2 3 4 5 7 8 |  8.7
Fighting       | 1 2 3 4 5 6 |  6.1
Throwing       | 2 3 4 5 |  5.2
Evocations     | 2 4 5 |  5.0
Stealth        | |  1.0
Spellcasting   | |  2.0
Conjurations   | |  0.6
Summonings     | |  0.6
Translocations | |  0.6

Action                   |  1- 3 |  4- 6 |  7- 9 | 10-12 || total
-------------------------+-------+-------+-------+-------++-------
Melee: Unarmed           |   101 |   118 |   405 |   398 ||  1022
       Punch             |       |     1 |    14 |    29 ||    44
       Giant club        |       |       |       |     5 ||     5
Throw: Dart              |       |     2 |    17 |    11 ||    30
Invok: Berserk           |       |     1 |     6 |    10 ||    17
       Trog's Hand       |       |       |     1 |     4 ||     5
 Abil: Evoke Ratskin     |       |       |       |     1 ||     1
Evoke: Wand              |       |     7 |       |       ||     7
  Use: Scroll            |       |     9 |     7 |     6 ||    22
       Potion            |       |     2 |     2 |     2 ||     6
 Stab: Sleeping          |     1 |     6 |    10 |     6 ||    23
       Distracted        |     1 |       |       |       ||     1
  Eat: Chunk             |    23 |    16 |    48 |    42 ||   129
Armor: Robe              |    48 |    26 |   103 |    97 ||   274
Dodge: Dodged            |    60 |    34 |   207 |   300 ||   601

Table legend:
 A = Non-vault XP
 B = Vault XP
 C = Vault XP percentage of total XP
 D = Non-vault monster count
 E = Vault monster count
 F = Vault count percentage of total count
                 A         B        C        D         E       F
            +---------+---------+-------+---------+---------+-------
      Total |   12664 |    3867 |  23.4 |     228 |      85 |  27.2
            +---------+---------+-------+---------+---------+-------
        D:1 |      45 |       0 |   0.0 |      25 |       0 |   0.0
        D:2 |      23 |       0 |   0.0 |       8 |       0 |   0.0
        D:3 |      43 |       0 |   0.0 |       6 |       0 |   0.0
        D:4 |     693 |      22 |   3.1 |      39 |       6 |  13.3
        D:5 |     601 |     290 |  32.5 |      24 |       3 |  11.1
        D:6 |     957 |     813 |  45.9 |      21 |      17 |  44.7
        D:7 |    1138 |     553 |  32.7 |      23 |      22 |  48.9
        D:8 |    1546 |     906 |  36.9 |      15 |      21 |  58.3
        D:9 |    1455 |       0 |   0.0 |      21 |       0 |   0.0
       D:10 |    5839 |     998 |  14.6 |      44 |       4 |   8.3
     Lair:1 |     324 |     147 |  31.2 |       2 |       1 |  33.3
      Sewer |       0 |     138 | 100.0 |       0 |      11 | 100.0
            +---------+---------+-------+---------+---------+-------
